 Dungeon Crawl Stone Soup version 0.29-a0-824-gd827844 (webtiles) character file.

Game seed: 8950907088332785806

23 PurpleRed the Sneak (level 2, 0/16 HPs)
             Began as a Deep Elf Brigand on July 9, 2022.
             Slain by a giant cockroach (1 damage)
             ... on level 2 of the Dungeon.
             The game lasted 00:01:50 (242 turns).

PurpleRed the Sneak (Deep Elf Brigand)               Turns: 242, Time: 00:01:50

Health: 0/16       AC:  3    Str:  8    XL:     2   Next: 72%
Magic:  7/7        EV: 12    Int: 15    God:
Gold:   13         SH:  0    Dex: 16    Spells: 5/5 levels left

rFire   . . .      SeeInvis .   a - +2 dagger
rCold   . . .      Faith    .   (no shield)
rNeg    . . .      Spirit   .   b - +0 robe
rPois   .          Reflect  .   (no helmet)
rElec   .          Harm     .   c - +0 cloak
rCorr   .          Rampage  .   (no gloves)
Will    .....                   (no boots)
Stlth   +++.......              (no amulet)
HPRegen 0.05/turn               (no ring)
MPRegen 0.10/turn               (no ring)

@: no status effects
A: no striking features
a: no special abilities


You were on level 2 of the Dungeon.
You visited 1 branch of the dungeon, and saw 2 of its levels.

You collected 13 gold pieces.

Inventory:

Hand Weapons
 a - a +2 dagger (weapon)
Missiles
 d - 8 poisoned darts (quivered)
 e - 2 curare-tipped darts
Armour
 b - a +0 robe (worn)
 c - a +0 cloak (worn)
Jewellery
 i - a ring of ice
Scrolls
 h - a scroll of identify {unknown}
Potions
 g - a potion of degeneration {unknown}
 j - 2 potions of might {unknown}
 k - 2 potions of ambrosia {unknown}


   Skills:
 - Level 1.5 Fighting
 - Level 2.0 Short Blades
 - Level 2.0 Throwing
 + Level 2.5 Dodging
 - Level 4.8 Stealth
 + Level 2.2 Spellcasting


You had 5 spell levels left.
You didn't know any spells.
Your spell library was empty.

Dungeon Overview and Level Annotations

Branches:
Dungeon (2/15)

Altars:


Message History

You hit the endoplasm but do no damage. The endoplasm hits you.
You hit the endoplasm.
The endoplasm is lightly wounded.
The endoplasm barely misses you.
You hit the endoplasm.
The endoplasm is heavily wounded.
The endoplasm closely misses you.
You hit the endoplasm.
You kill the endoplasm!
You closely miss the goblin. The goblin barely misses you.
You hit the goblin but do no damage. The goblin hits you with a +0 dagger.
You completely miss the goblin. The goblin hits you with a +0 dagger.
You hit the goblin.
The goblin is heavily wounded.
The goblin hits you with a +0 dagger.
You hit the goblin.
The goblin is severely wounded.
The goblin completely misses you.
You hit the goblin.
You kill the goblin!
You see here a +0 dagger.
You hit the endoplasm.
The endoplasm is heavily wounded.
The endoplasm freezes you.
You are frozen.
* * * LOW HITPOINT WARNING * * *
You hit the endoplasm.
You kill the endoplasm!
You barely miss the giant cockroach.
The giant cockroach bites you but does no damage.
You closely miss the giant cockroach. The giant cockroach misses you.
You hit the giant cockroach.
The giant cockroach is almost dead.
The giant cockroach waves its antennae.
The giant cockroach bites you.
* * * LOW HITPOINT WARNING * * *
You closely miss the giant cockroach.
The giant cockroach is almost dead.
The giant cockroach bites you.
You die...

#.###..#
#......#
###....#
#####....#
#........#
#....#..>#
#....###.#
####B###.#
#.@.#.#
######.#.#
#....).#
#.######
#.# #.#
#<# ###


You could see a giant cockroach.

Vanquished Creatures
  An adder (D:2)
  2 dart slugs (D:1)
  4 endoplasms
  A goblin (D:2)
  A quokka (D:1)
9 creatures vanquished.

Notes
Turn   | Place    | Note
-------+----------+-------------------------------------------
     0 | D:1      | PurpleRed the Deep Elf Brigand began the quest for the Orb.
     0 | D:1      | Reached XP level 1. HP: 12/12 MP: 3/3
    42 | D:1      | Reached skill level 1 in Spellcasting
    75 | D:1      | Reached XP level 2. HP: 13/16 MP: 4/6
   242 | D:2      | Slain by a giant cockroach

Illustrated notes

Levels and vault maps discovered:
D:1:      lightli_arrival_lavapool, layout_loops_ring, grunt_decor_fettered
D:2:      minmay_chambers_of_ones, layout_basic, shapermc_ecumenical_altar_gd,
          minmay_misc_feat_doors, kennysheep_generic_room_5

Skill      XL: |  1  2 |
---------------+-------+-----
Spellcasting   | 1 2 |  2.2
Dodging        | 2 |  2.5
Fighting       | |  1.5
Short Blades   | |  2.0
Throwing       | |  2.0
Stealth        | |  4.8

Action                   || total
-------------------------++-------
Melee: Dagger            ||    31
Throw: Dart              ||    10
  Use: Potion            ||     2
 Stab: Sleeping          ||     2
Armor: Robe              ||     4
Dodge: Dodged            ||    17

Table legend: (Time is in decaauts)
 A = Elapsed time spent in this place.
 B = Non-inter-level travel time spent in this place.
 C = Inter-level travel time spent in this place.
 D = Time resting spent in this place.
 E = Time spent auto-exploring this place.
 F = Levels seen in this place.
 G = Mean time per level.
                   A        B        C        D        E       F      G
               +--------+--------+--------+--------+--------+-----+--------+
         Total |    237 |    237 |      0 |      0 |      0 |   2 |  118.5 |
       Dungeon |    237 |    237 |      0 |      0 |      0 |   2 |  118.5 |
               +--------+--------+--------+--------+--------+-----+--------+

Top non-repeatable levels by time:
     D:1: 167 daAuts
     D:2: 70 daAuts
